 Dungeon Crawl Stone Soup version 0.30.1-11-g7821555f0a (webtiles) character file.

Game seed: 12151698873880422674

21669 thug444 the Grappler (level 12, -3/115 HPs)
             Began as a Troll Fighter on Nov 3, 2023.
             Was a High Priest of Yredelemnul.
             Slain by a death yak (18 damage)
             ... led by a torpor snail
             ... on level 4 of the Lair of Beasts on Nov 6, 2023.
             The game lasted 00:26:02 (8874 turns).

thug444 the Grappler (Troll Fighter)                Turns: 8874, Time: 00:26:03

Health: -3/115     AC:  8    Str: 37    XL:     12   Next: 56%
Magic:  15/15      EV: 11    Int:  4    God:    Yredelemnul [*****.]
Gold:   2019       SH: 10    Dex:  9    Spells: 11/11 levels left

rFire   . .          .
                       - Unarmed
rCold   + + +        l - +0 kite shield of the Valley {Harm Drain rC+++}
rNeg    . . .        a - +0 robe
rPois   .            (helmet restricted)
rElec   .            (no cloak)
rCorr   .            (gloves unavailable)
SInv    .            (boots unavailable)
Will    .....        m - amulet of regeneration
Stlth   +            o - +4 ring of protection
HPRegen 1.99/turn    q - +6 ring of strength
MPRegen 0.14/turn

%: harm (+30% outgoing, +20% incoming)
@: mighty, slowed, very slow
A: large, unfitting armour, claws 3, regeneration 1, shaggy fur 1, tough skin 1
a: Renounce Religion, Recall Undead Harvest, Dark Bargain, Drain Life, Bind Soul


You were on level 4 of the Lair of Beasts.
You worshipped Yredelemnul.
Yredelemnul was noncommittal.
You visited 3 branches of the dungeon, and saw 14 of its levels.

You collected 2019 gold pieces.

Inventory:

Missiles
 t - 4 throwing nets
Armour
 a - a +0 robe (worn)
 b - a +0 kite shield
 l - the +0 kite shield of the Valley (worn) {Harm Drain rC+++}
   (You acquired it on level 1 of the Lair of Beasts)

   rC:        It renders you almost immune to cold.
   Drain:     It drains your maximum health when unequipped.
   Harm:      It increases damage dealt and taken.
Jewellery
 m - an amulet of regeneration (around neck)
 o - a +4 ring of protection (left claw)
 q - a +6 ring of strength (right claw)
 u - a ring of wizardry
 y - a +5 ring of evasion
 C - a +6 ring of dexterity
 E - a ring of resist corrosion
 H - an amulet of the acrobat
Wands
 p - a wand of acid (11)
 x - a wand of flame (59)
 D - a wand of iceblast (10)
Scrolls
 e - 2 scrolls of teleportation
 h - 4 scrolls of identify
 i - 2 scrolls of fear
 k - 5 scrolls of fog
 s - a scroll of poison {unknown}
 w - a scroll of summoning {unknown}
 z - a scroll of blinking {unknown}
 A - a scroll of vulnerability {unknown}
 F - 4 scrolls of amnesia {unknown}
 I - 2 scrolls of immolation {unknown}
 J - a scroll of enchant weapon {unknown}
 K - a scroll of noise {unknown}
Potions
 c - 3 potions of might
 f - a potion of resistance {unknown}
 g - 5 potions of degeneration
 j - 4 potions of curing {unknown}
 n - 2 potions of berserk rage {unknown}
 r - 3 potions of lignification {unknown}
 v - a potion of mutation {unknown}
 B - 2 potions of attraction {unknown}
 G - 2 potions of magic {unknown}
 L - a potion of flight {unknown}
 M - a potion of haste {unknown}


   Skills:
 * Level 6.3 Fighting
 * Level 8.2 Dodging
 - Level 0.2 Stealth
 * Level 8.6 Shields
 * Level 13.8 Unarmed Combat
 * Level 6.4 Invocations


You had 11 spell levels left.
You didn't know any spells.
Your spell library contained the following spells:

 Spells                   Type           Power      Damage    Failure   Level
 Ensorcelled Hibernation  Hex/Ice        0%         N/A       78%         2
 Passwall                 Tmut/Erth      0%         N/A       78%         2
 Gell's Gravitas          Tloc           0%         N/A       95%         3
 Swiftness                Air            0%         N/A       95%         3
 Teleport Other           Tloc           0%         N/A       95%         3
 Summon Ice Beast         Ice/Summ       0%         N/A       100%        4
 Summon Forest            Summ/Tloc      0%         N/A       100%        5
 Summon Mana Viper        Hex/Summ       0%         N/A       100%        5
 Dispersal                Tloc           0%         N/A       100%        6
 Eringya's Noxious Bog    Tmut/Pois      0%         N/A       100%        6
 Monstrous Menagerie      Summ           0%         N/A       100%        7
 Summon Hydra             Summ           0%         N/A       100%        7


Dungeon Overview and Level Annotations

Branches:
Dungeon (9/15)             Temple (1/1) D:5            Lair (4/5) D:9
 Shoals (0/4) Lair:2        Snake (0/4) Lair:3
  Slime: Lair:4-5       Orc: D:9-12

Altars:
Ashenzari
Cheibriados
Gozag
Kikubaaqudgha
Makhleb
Nemelex Xobeh
Okawaru
Qazlal
Ru
Sif Muna
Trog
Vehumet
Wu Jian
Xom
Yredelemnul
Zin

Shops:
D:4 !   D:7 :

Annotations:
D:5 2 transporters, safid's ghost, novice MfIE
Lair:1 2 transporters, Firecrotchwizard's ghost, journeyman VSMo


Innate Abilities, Weirdness & Mutations

You are too large for most types of armour.
You have claws for hands.
Your natural rate of healing is unusually fast.
You are covered in fur. (AC +1)
You have tough skin. (AC +1)


Message History

Being near the torpor snail leaves you feeling lethargic.
You swap places.
A blink frog comes into view.
The blink frog blinks!
The blink frog hits your black mamba zombie.
The death yak gores you!!
Your black mamba zombie bites the death yak but does no damage.
The torpor snail bites you!!
The blink frog hits your black mamba zombie!
The blink frog blinks!
You block the death yak's attack.
You can now bind living souls.
There is an open door, spattered with blood here.
You mangle the death yak!!
The death yak is moderately wounded.
Your black mamba zombie bites the death yak.
Your black mamba zombie bites the death yak!
The death yak gores you!
Unknown command.
Okay, then.
Press: ? - help, v - describe, . - travel
Here: a death yak (heavily wounded, ally target)
The floor, spattered with blood.
You feel very mighty all of a sudden. The torpor snail bites you!!
The blink frog hits your black mamba zombie but does no damage.
Your black mamba zombie bites the death yak.
The death yak closely misses you. You block the death yak's attack.
You feel much better.
The blink frog blinks!
The blink frog hits your black mamba zombie!
Your black mamba zombie bites the death yak!
You block the death yak's attack. The death yak gores you!!
The torpor snail bites you!!
* * * LOW HITPOINT WARNING * * *
The blink frog hits your black mamba zombie!
Your black mamba zombie is destroyed!
The torpor snail bites you.
* * * LOW HITPOINT WARNING * * *
The death yak gores you!
You die...
Your body rises from the dead as a mindless zombie.

## #P..# #
#..### # ##...#
## #Z..## P#
##ZZ# ### ##Z##
<.# #ZZ# .###
#Z.# ...## #Z@#
Z...#
....|FYwYF.....
...##
.......F......#
...#
...............
....#
......[......PP
.....#
..............#
.......
..............#
...PP###
..............#
..[###


You could see 2 death yaks, a torpor snail, 3 blink frogs, 3 friendly wolf
zombies, a friendly bullfrog zombie (slow), a friendly blink frog zombie (slow),
a friendly polar bear zombie (slow), a friendly wyvern zombie (slow) and a
friendly skyshark zombie (slow).

Vanquished Creatures
  Erica (Lair:1)
  2 boulder beetles
  2 skysharks (Lair:4)
  A manticore (Lair:2)
  4 elephants
  3 black mambas
  Maurice (D:8)
  Joseph (D:8)
  4 cane toads
  2 komodo dragons
  2 rime drakes
  A wind drake (Lair:2)
  2 polar bears
  7 blink frogs
  2 wyverns
  16 yaks
  A steam dragon (D:8)
  2 basilisks
  10 water moccasins
  An ice beast (D:7)
  A black bear (D:4)
  4 orc warriors
  2 sky beasts (D:7)
  3 wolves (Lair:4)
  3 centaurs
  5 kobold brigands
  5 bullfrogs
  7 scorpions
  A wight (D:8)
  A jelly (D:5)
  5 killer bees (D:9)
  5 howler monkeys
  A hound (D:6)
  9 orc priests
  3 iguanas
  7 orc wizards
  4 gnolls (D:5)
  7 adders
  A shadow imp (D:7)
  2 white imps
  An ufetubus (D:4)
  A worm (D:5)
  5 dart slugs
  35 orcs
  9 ball pythons
  6 endoplasms
  11 giant cockroaches
  6 goblins
  7 hobgoblins
  6 jackals
  3 quokkas
  11 bats
  2 frilled lizards
  25 kobolds
  4 rats
273 creatures vanquished.

Vanquished Creatures (collateral kills)
  2 hydras
  2 elephants (Lair:3)
  2 wyverns
  6 yaks
  2 water moccasins
  A black bear (D:9)
  2 wolves (Lair:4)
  3 bullfrogs
  A scorpion (D:6)
  A killer bee (D:9)
  3 orcs
  2 bats (D:6)
  7 kobolds
34 creatures vanquished.

Vanquished Creatures (others)
  A black mamba zombie (Lair:4)
  A blink frog zombie (Lair:1)
  A rime drake zombie (Lair:3)
  A komodo dragon zombie (Lair:3)
  A wyvern zombie (D:9)
  2 water moccasin zombies (Lair:3)
  4 yak zombies (Lair:3)
  A wolf zombie (Lair:4)
  A centaur zombie (D:8)
  An orc priest (D:8)
  3 killer bee zombies (D:9)
  A howler monkey zombie (D:9)
  An adder zombie (D:6)
  A spectral shadow imp (D:7)
  A bat zombie (D:6)
  A kobold (D:8)
  12 kobold zombies
  3 orc zombies
37 creatures vanquished.

Grand Total: 344 creatures vanquished

Notes
Turn   | Place    | Note
-------+----------+-------------------------------------------
     0 | D:1      | thug444 the Troll Fighter began the quest for the Orb.
     0 | D:1      | Reached XP level 1. HP: 22/22 MP: 0/0
    56 | D:1      | Reached XP level 2. HP: 29/29 MP: 1/1
   296 | D:1      | Reached XP level 3. HP: 23/36 MP: 2/2
  1282 | D:3      | Reached XP level 4. HP: 44/44 MP: 3/3
  1286 | D:3      | Reached skill level 3 in Unarmed Combat
  1623 | D:3      | Reached XP level 5. HP: 44/52 MP: 4/4
  1637 | D:3      | Reached skill level 1 in Invocations
  1916 | D:4      | Found Komepahi's Distillery.
  2000 | D:4      | Reached XP level 6. HP: 61/61 MP: 5/5
  2094 | D:4      | Reached skill level 4 in Unarmed Combat
  2470 | D:5      | Entered Level 5 of the Dungeon
  2498 | D:5      | Found a transporter.
  2502 | D:5      | Noticed safid's ghost (novice MfIE)
  2503 | D:5      | Found a transporter.
  2581 | D:5      | Noticed a wyvern
  2587 | D:5      | Killed a wyvern
  2588 | D:5      | Reached skill level 5 in Unarmed Combat
  2588 | D:5      | Reached XP level 7. HP: 48/67 MP: 7/7
  2659 | D:5      | Found a staircase to the Ecumenical Temple.
  2752 | Temple   | Entered the Ecumenical Temple
  2925 | Temple   | Became a worshipper of Yredelemnul the Dark
  3333 | D:6      | Reached skill level 6 in Unarmed Combat
  3333 | D:6      | Reached XP level 8. HP: 78/78 MP: 8/8
  3409 | D:6      | Reached * piety under Yredelemnul
  3656 | D:6      | Found the +11 Singing Sword {sonic wave}
  3693 | D:6      | Reached ** piety under Yredelemnul
  4005 | D:7      | Reached skill level 7 in Unarmed Combat
  4266 | D:7      | Reached skill level 5 in Shields
  4320 | D:7      | Reached *** piety under Yredelemnul
  4522 | D:7      | Reached XP level 9. HP: 82/84 MP: 10/10
  4573 | D:7      | Found Cucluv's Vocational Training.
  4630 | D:8      | Reached skill level 8 in Unarmed Combat
  4641 | D:8      | Noticed Joseph
  4652 | D:8      | Killed Joseph
  4653 | D:8      | Reached skill level 5 in Dodging
  4844 | D:8      | Reached skill level 9 in Unarmed Combat
  5169 | D:8      | Noticed Maurice
  5180 | D:8      | Killed Maurice
  5189 | D:8      | Reached **** piety under Yredelemnul
  5339 | D:8      | Found an iron altar of Okawaru.
  5507 | D:9      | Identified the +3 sling "Sachior" {freeze, Str+5 Dex-3
                  | SInv}
  5598 | D:9      | Reached XP level 10. HP: 20/94 MP: 10/12
  5686 | D:9      | Noticed an elephant
  5687 | D:9      | Found a staircase to the Lair.
  5701 | D:9      | Reached skill level 10 in Unarmed Combat
  5715 | D:9      | Killed an elephant
  5952 | D:9      | Reached skill level 5 in Fighting
  6234 | Lair:1   | Entered Level 1 of the Lair of Beasts
  6295 | Lair:1   | Identified 2 scrolls of acquirement
  6299 | Lair:1   | Acquired 1074 gold pieces
  6300 | Lair:1   | Acquired the +0 kite shield of the Valley {Harm Drain
                  | rC+++}
  6436 | Lair:1   | Noticed a moth of wrath
  6439 | Lair:1   | Found a transporter.
  6471 | Lair:1   | Found a transporter.
  6473 | Lair:1   | Noticed an elephant
  6477 | Lair:1   | Noticed Firecrotchwizard's ghost (journeyman VSMo)
  6511 | Lair:1   | Reached skill level 11 in Unarmed Combat
  6511 | Lair:1   | Reached skill level 5 in Invocations
  6620 | Lair:1   | Reached XP level 11. HP: 55/104 MP: 13/13
  6915 | Lair:1   | Noticed Erica
  6921 | Lair:1   | Killed Erica
  6921 | Lair:1   | Reached ***** piety under Yredelemnul
  7108 | Lair:2   | Noticed a boulder beetle
  7125 | Lair:2   | Killed a boulder beetle
  7174 | Lair:2   | Found a staircase to the Shoals.
  7232 | Lair:2   | Reached skill level 12 in Unarmed Combat
  7716 | Lair:2   | Noticed a four-headed hydra
  7724 | Lair:2   | Killed an eight-headed hydra
  7910 | Lair:3   | Noticed a seven-headed hydra
  8031 | Lair:3   | Reached skill level 13 in Unarmed Combat
  8031 | Lair:3   | Reached XP level 12. HP: 106/113 MP: 15/15
  8212 | Lair:3   | Reached ****** piety under Yredelemnul
  8246 | Lair:3   | Found a staircase to the Snake Pit.
  8283 | Lair:3   | Killed a seven-headed hydra
  8594 | Lair:4   | Noticed a boulder beetle
  8601 | Lair:4   | Killed a boulder beetle
  8863 | Lair:4   | Noticed a death yak
  8866 | Lair:4   | Noticed a death yak
  8874 | Lair:4   | Slain by a death yak

Illustrated notes

Levels and vault maps discovered:
D:1:      dpeg_arrival_fog, layout_rooms, minmay_worlds_worst_comb
D:2:      layout_loops_ring
D:3:      layout_rooms, chequers_serial_rivers_small_3, serial_bayou_lake_a
D:4:      layout_loops_ring, serial_shops, nicolae_shop_tiny_waterfront
D:5:      layout_basic, minmay_temple_entry_wispy, gammafunk_ghost_mausoleum,
          minmay_misc_feat_more_columns
D:6:      old_forge, layout_basic
D:7:      layout_rooms, nicolae_shop_vocational
D:8:      layout_loops_ring, marbit_many_paths, blue_anna_alchemist,
          uniq_joseph, uniq_maurice
D:9:      layout_long_grid, david_lair_generic
Temple:   minmay_crystal_snake_temple
Lair:1:   layout_roguey, gammafunk_ghost_berserking_beasts, uniq_erica
Lair:2:   layout_regular_city, minmay_shoals_entry_beasts, grunt_megastairs_2
Lair:3:   layout_cave_shapes, minmay_snake_entry_six_corridors,
          serial_bayou_shore_b, serial_bayou_shore_b, grunt_megastairs_1
Lair:4:   layout_roguey, grunt_megastairs_4

Skill      XL: |  1  2  3  4  5  6  7  8  9 10 11 12 |
---------------+-------------------------------------+-----
Shields        | 3 4 5 6 7 8 |  8.6
Dodging        | 3 4 5 6 7 8 |  8.2
Unarmed Combat | 3 5 6 7 9 11 13 | 13.8
Fighting       | 3 4 5 6 |  6.3
Invocations    | 1 2 3 4 5 6 |  6.4
Stealth        | |  0.2

Action                     |  1- 3 |  4- 6 |  7- 9 | 10-12 || total
---------------------------+-------+-------+-------+-------++-------
  Melee: Unarmed           |   137 |   130 |   320 |   271 ||   858
 Invoke: Recall Undead Har |       |       |     3 |       ||     3
    Use: Scroll            |       |     2 |       |     7 ||     9
         Potion            |       |       |     1 |     5 ||     6
   Stab: Distracted        |       |       |     3 |     6 ||     9
         Sleeping          |       |       |     2 |       ||     2
         Held in net/web   |       |       |     1 |       ||     1
 Armour: Robe              |    42 |    36 |   109 |    76 ||   263
  Dodge: Dodged            |    62 |    42 |   136 |    87 ||   327
  Block: Kite shield       |    50 |    56 |   149 |   123 ||   378
